 Dungeon Crawl Stone Soup version 0.29.1-1-gd02db6906a (webtiles) character file.

Game seed: 6222689441936756679

81 raincastle the Trooper (level 4, -1/37 HPs)
             Began as a Demonspawn Abyssal Knight on Sept 15, 2022.
             Was a Priest of Lugonu.
             Killed from afar by Sigmund (6 damage)
             ... with a magic dart
             ... on level 3 of the Dungeon.
             The game lasted 00:10:17 (3006 turns).

raincastle the Trooper (Demonspawn Abyssal Knight)  Turns: 3006, Time: 00:10:18

Health: -1/37      AC: 11    Str: 15    XL:     4   Next: 19%
Magic:  6/6        EV:  4    Int: 12    God:    Lugonu [***...]
Gold:   187        SH:  3    Dex: 13    Spells: 3/3 levels left

rFire   . . .      SeeInvis .   a - +1 hand axe
rCold   . . .      Faith    .   h - +0 buckler
rNeg    . . .      Spirit   .   m - +0 plate armour
rPois   .          Reflect  .   (no helmet)
rElec   .          Harm     .   (no cloak)
rCorr   .          Rampage  .   (no gloves)
Will    .....                   (no boots)
Stlth   ..........              (no amulet)
HPRegen 0.12/turn               (no ring)
MPRegen 0.10/turn               (no ring)

@: no status effects
A: spiny 1, demonic touch 1
a: Renounce Religion, Depart the Abyss, Bend Space, Banish


You were on level 3 of the Dungeon.
You worshipped Lugonu.
Lugonu was most pleased with you.
You visited 1 branch of the dungeon, and saw 3 of its levels.
You visited the Abyss 1 time.

You collected 187 gold pieces.

Inventory:

Hand Weapons
 a - a +1 hand axe (weapon)
Armour
 h - a +0 buckler (worn)
 m - a +0 plate armour (worn)
Scrolls
 c - 4 scrolls of identify {unknown}
 g - a scroll of immolation {unknown}
 j - a scroll of enchant armour {unknown}
 k - a scroll of enchant weapon {unknown}
 l - a scroll of vulnerability {unknown}
Potions
 b - a potion of might {unknown}
 d - a potion of flight {unknown}
 e - a potion of cancellation {unknown}
 f - a potion of curing {unknown}
 i - a potion of lignification {unknown}
 n - 2 potions of resistance {unknown}


   Skills:
 + Level 3.7 Fighting
 + Level 2.5 Axes
 + Level 2.4 Armour
 + Level 1.3 Dodging
 + Level 0.1 Stealth
 + Level 0.2 Shields
 * Level 2.8 Invocations


You had 3 spell levels left.
You didn't know any spells.
Your spell library contained the following spells:

 Spells                   Type           Power      Damage    Failure   Level
 Sting                    Tmut/Pois      0%         1d3       100%        1
 Poisonous Vapours        Pois/Air       0%         N/A       100%        2
 Olgreb's Toxic Radiance  Pois           0%         N/A       100%        4


Dungeon Overview and Level Annotations

Branches:
Dungeon (3/15)

Altars:

Annotations:
D:3 Sigmund


Innate Abilities, Weirdness & Mutations

You are partially covered in sharp spines.
Your touch may inflict minor irresistible damage on your foes.


Message History

Sigmund barely misses you. Sigmund is struck by your spines.
Sigmund hits you with a +0 scythe.
Things that are here:
a +0 dagger; 3 stones; a hobgoblin corpse You closely miss Sigmund.
Sigmund is lightly wounded.
You barely miss Sigmund.
Sigmund is lightly wounded.
You block Sigmund's attack.
You hit Sigmund.
Sigmund is lightly wounded.
Sigmund gestures at you while chanting. You resist with some effort.
You barely miss Sigmund.
Sigmund is lightly wounded.
Sigmund points at you and mumbles some strange words.
The puff of flame hits you!
You hit Sigmund.
Sigmund is moderately wounded.
Sigmund hits you with a +0 scythe. Space bends violently around you!
You blink.
Sigmund is suddenly surrounded by pale green light.
Sigmund points at you and mumbles some strange words.
You resist with some effort.
Sigmund hits you from afar with a +0 scythe.
You open the door. Sigmund hits you but does no damage.
There is an open door here.
Sigmund hits you from afar with a +0 scythe.
* * * LOW HITPOINT WARNING * * *
Sigmund gestures at you while chanting. The puff of flame hits you!
* * * LOW HITPOINT WARNING * * *
Sigmund casts a spell.
Sigmund flickers and vanishes!
Deactivating autopickup; reactivate with Ctrl-A.
You hear some strange, mumbled words.
Something tries to affect you, but you resist.
A magic dart appears from out of thin air!
The magic dart hits you.
You die...

...... . ...... . .....## ..
.....################ ####..
####............#.....######....#
...#............@...{...........+
...###.......##.#.###.#)##.#....#
...'..............# #.#.#........
..†####........†..# #.#.#.....##.
##.####.####......# #.#.~~.~~....
##.##......#.....####.##....~....
..>.........)[......#.#..........
#####..#...########.#'#..........
.<..##..#### #...!...#####.#


There were no monsters in sight!

Vanquished Creatures
  A worm (D:2)
  2 dart slugs
  5 ball pythons
  8 bats
  8 endoplasms
  3 giant cockroaches
  8 goblins
  10 hobgoblins
  A quokka (D:1)
  2 frilled lizards (D:2)
  4 kobolds
  13 rats
65 creatures vanquished.

Vanquished Creatures (others)
  3 plants (D:1)
3 creatures vanquished.

Grand Total: 68 creatures vanquished

Notes
Turn   | Place    | Note
-------+----------+-------------------------------------------
     0 | Abyss:1  | raincastle the Demonspawn Abyssal Knight began the quest
                  | for the Orb.
     0 | Abyss:1  | Reached XP level 1. HP: 18/18 MP: 2/2
     2 | D:1      | Escaped the Abyss
   236 | D:1      | Gained mutation: You are partially covered in sharp spines.
                  | [demonic ancestry]
   236 | D:1      | Reached XP level 2. HP: 18/24 MP: 3/3
   456 | D:1      | Reached skill level 1 in Dodging
   894 | D:1      | Reached XP level 3. HP: 28/29 MP: 4/4
  1271 | D:2      | Found a faded altar of an unknown god.
  1284 | D:2      | Reached *** piety under Lugonu
  2097 | D:2      | Gained mutation: Your touch may inflict minor irresistible
                  | damage on your foes. [demonic ancestry]
  2097 | D:2      | Reached XP level 4. HP: 37/37 MP: 5/5
  2949 | D:3      | Noticed Sigmund
  3006 | D:3      | Killed from afar by Sigmund

Illustrated notes

Levels and vault maps discovered:
D:1:      minmay_arrival_open_corners, layout_loops_ring,
          kennysheep_minor_cross, chequers_big_river, serial_bayou_pond_b,
          grunt_decor_one_mirror, chequers_garden
D:2:      cheibrodos_greedy_goblins, layout_basic,
          chequers_ecumenical_altar_island
D:3:      layout_basic, glass_columns_b, chequers_serial_rivers_micro_c,
          wad_floor_pattern_untrapped, uniq_sigmund

Skill      XL: |  1  2 |
---------------+-------+-----
Armour         | 2 |  2.4
Dodging        | 1 |  1.3
Axes           | 2 |  2.5
Fighting       | |  3.7
Stealth        | |  0.1
Shields        | |  0.2
Invocations    | |  2.8

Action                   |  1- 3 |  4- 6 || total
-------------------------+-------+-------++-------
Melee: Hand axe          |   112 |    23 ||   135
       Punch             |     1 |       ||     1
Invok: Bend Space        |       |    26 ||    26
 Stab: Sleeping          |     2 |       ||     2
Armor: Leather armour    |    26 |       ||    26
       Plate armour      |    14 |    16 ||    30
Dodge: Dodged            |    50 |     3 ||    53
Block: Buckler           |    13 |     3 ||    16
